PL
NEW ORLEANS VOODOO @ NORTHERN VIRGINIA RAINBOW MERMAIDS
09/03/2042
 
TOP OF THE 1ST
New Orleans Voodoo batting - Pitching for Northern Virginia Rainbow Mermaids : RHP Ton Jobse
Pitching: RHP Ton Jobse
Batting: LHB José Soriano 0-0: Ball
1-0: Foul Ball, location: 2F
1-1: Ball
2-1: Ground out 4-3 (Groundball, 4, EV 100.6 MPH)
Batting: RHB Júlio Sahagún 0-0: Called Strike
0-1: Ball
1-1: Ball
2-1: DOUBLE (Line Drive, 89D, EV 106.2 MPH)
Batting: LHB Derek Corbin 0-0: Called Strike
Júlio Sahagún steals 3rd base (no throw)
0-1: Ball
1-1: Ground out U3 (Groundball, 34S, EV 90.6 MPH)
Júlio Sahagún scores
Batting: LHB Jonathan Gunner 0-0: Ball
1-0: SINGLE (Line Drive, 6D, EV 95.6 MPH)
Batting: LHB Alex Avery 0-0: SINGLE (Groundball, 34D, EV 99.4 MPH)
Jonathan Gunner to second
Runner from 2nd tries for 3rd, SAFE, no throw by RF
Batting: LHB Dave Summers 0-0: Foul Ball, location: 2F
0-1: Swinging Strike
0-2: Ball
1-2: Ball
2-2: Foul Ball, location: 2F
2-2: Strikes out looking
Top of the 1st over - 1 run, 3 hits, 0 errors, 2 left on base; New Orleans 1 - Northern Virginia 0
BOTTOM OF THE 1ST
Northern Virginia Rainbow Mermaids batting - Pitching for New Orleans Voodoo : RHP Rhys Maskell
Pitching: RHP Rhys Maskell
Batting: LHB Jeff Washington 0-0: Ground out 4-3 (Groundball, 4, EV 100.0 MPH)
Batting: LHB Tony Goodwin 0-0: Ball
1-0: Ground out 6-3 (Groundball, 4M, EV 83.8 MPH)
Batting: RHB Manuel Márquez 0-0: Called Strike
0-1: Ball
1-1: Ground out 6-3 (Groundball, 6, EV 103.8 MPH)
Bottom of the 1st over - 0 runs, 0 hits, 0 errors, 0 left on base; New Orleans 1 - Northern Virginia 0
TOP OF THE 2ND
New Orleans Voodoo batting - Pitching for Northern Virginia Rainbow Mermaids : RHP Ton Jobse
Batting: LHB Jorge Castillo 0-0: Called Strike
0-1: Ball
1-1: Fly out, F5 (Line Drive, 5, EV 66.2 MPH)
Batting: RHB Vitorio Flores 0-0: Ball
1-0: Foul Ball, location: 2F
1-1: Foul Ball, location: 2F
1-2: Strikes out swinging
Batting: RHB Arturo Cicerón 0-0: Ball
1-0: Ball
2-0: Called Strike
2-1: Foul Ball, location: 2F
2-2: Ball
3-2: Ground out 5-3 (Groundball, 56, EV 105.6 MPH)
Top of the 2nd over - 0 runs, 0 hits, 0 errors, 0 left on base; New Orleans 1 - Northern Virginia 0
BOTTOM OF THE 2ND
Northern Virginia Rainbow Mermaids batting - Pitching for New Orleans Voodoo : RHP Rhys Maskell
Batting: LHB Javier Seco 0-0: Ball
1-0: Foul Ball, location: 2F
1-1: Swinging Strike
1-2: SINGLE (Line Drive, 89S, EV 88.1 MPH)
Batting: LHB Dewitt Hopper 0-0: Ball
1-0: Called Strike
1-1: Fly out, F7 (Flyball, 7S, EV 76.9 MPH)
Batting: LHB Bill Dixon 0-0: Called Strike
0-1: Ball
1-1: Ball
2-1: Foul Ball, location: 2F
2-2: Strikes out swinging
Batting: LHB Sherman Kline 0-0: Called Strike
0-1: Ball
1-1: Ball
2-1: Swinging Strike
2-2: SINGLE (Line Drive, 34D, EV 95.0 MPH)
Javier Seco to second
Runner from 2nd tries for 3rd, SAFE, throw by RF made to third
Batting: LHB Rio Mence 0-0: Called Strike
0-1: Foul Ball, location: 2F
0-2: Ball
1-2: Ball
2-2: Strikes out swinging
Bottom of the 2nd over - 0 runs, 2 hits, 0 errors, 2 left on base; New Orleans 1 - Northern Virginia 0
TOP OF THE 3RD
New Orleans Voodoo batting - Pitching for Northern Virginia Rainbow Mermaids : RHP Ton Jobse
Batting: LHB José Soriano 0-0: Ball
1-0: Ground out 5-3 (Groundball, 56S, EV 90.6 MPH)
Batting: RHB Júlio Sahagún 0-0: Foul Ball, location: 2F
0-1: Foul Ball, location: 2F
0-2: Ball
1-2: Ground out 6-3 (Groundball, 6, EV 85.0 MPH)
Batting: LHB Derek Corbin 0-0: Swinging Strike
0-1: Ground out 4-3 (Groundball, 4, EV 98.1 MPH)
Top of the 3rd over - 0 runs, 0 hits, 0 errors, 0 left on base; New Orleans 1 - Northern Virginia 0
BOTTOM OF THE 3RD
Northern Virginia Rainbow Mermaids batting - Pitching for New Orleans Voodoo : RHP Rhys Maskell
Batting: RHB Júlio Abarco 0-0: Fly out, F8 (Flyball, 89D, EV 87.5 MPH)
Batting: LHB Jeff Washington 0-0: Foul Ball, location: 2F
0-1: Fly out, F9 (Flyball, 9LSF, EV 95.0 MPH)
Batting: LHB Tony Goodwin 0-0: Ball
1-0: Ball
2-0: Foul Ball, location: 2F
2-1: Foul Ball, location: 2F
2-2: Strikes out swinging
Bottom of the 3rd over - 0 runs, 0 hits, 0 errors, 0 left on base; New Orleans 1 - Northern Virginia 0
TOP OF THE 4TH
New Orleans Voodoo batting - Pitching for Northern Virginia Rainbow Mermaids : RHP Ton Jobse
Batting: LHB Jonathan Gunner 0-0: Ball
1-0: Foul Ball, location: 2F
1-1: Ground out U3 (Groundball, 3L, EV 88.1 MPH)
Batting: LHB Alex Avery 0-0: DOUBLE (Line Drive, 9LD, EV 106.9 MPH)
Batting: LHB Dave Summers 0-0: Called Strike
0-1: Ground out U3 (Groundball, 3L, EV 100.0 MPH)
Alex Avery to third
Batting: LHB Jorge Castillo 0-0: Foul Ball, location: 2F
0-1: Ball
1-1: Foul Ball, location: 2F
1-2: Ball
2-2: SINGLE (Groundball, 34S, EV 64.4 MPH) (infield hit)
Alex Avery scores
Batting: RHB Vitorio Flores 0-0: Ball
1-0: Ball
2-0: Fielders Choice at 2nd, 5-4 (Groundball, 5, EV 89.4 MPH)
Top of the 4th over - 1 run, 2 hits, 0 errors, 1 left on base; New Orleans 2 - Northern Virginia 0
BOTTOM OF THE 4TH
Northern Virginia Rainbow Mermaids batting - Pitching for New Orleans Voodoo : RHP Rhys Maskell
Batting: RHB Manuel Márquez 0-0: Ball
1-0: Ground out U3 (Groundball, 3S, EV 80.0 MPH)
Batting: LHB Javier Seco 0-0: Called Strike
0-1: Called Strike
0-2: Fly out, F8 (Flyball, 8RD, EV 86.9 MPH)
Batting: LHB Dewitt Hopper 0-0: Ball
1-0: Ball
2-0: Called Strike
2-1: Called Strike
2-2: Strikes out swinging
Bottom of the 4th over - 0 runs, 0 hits, 0 errors, 0 left on base; New Orleans 2 - Northern Virginia 0
TOP OF THE 5TH
New Orleans Voodoo batting - Pitching for Northern Virginia Rainbow Mermaids : RHP Ton Jobse
Batting: RHB Arturo Cicerón 0-0: Foul Ball, location: 2F
0-1: Ball
1-1: Called Strike
1-2: Ball
2-2: Ball
3-2: Foul Ball, location: 2F
3-2: Ground out 5-3 (Groundball, 5L, EV 91.9 MPH)
Batting: LHB José Soriano 0-0: Called Strike
0-1: Swinging Strike
0-2: Strikes out swinging
Batting: RHB Júlio Sahagún 0-0: Ball
1-0: Ball
2-0: Ball
3-0: SINGLE (Groundball, 34D, EV 94.4 MPH)
Batting: LHB Derek Corbin 0-0: Called Strike
Júlio Sahagún steals 2nd base
0-1: Ball
1-1: Called Strike
1-2: Foul Ball, location: 2F
1-2: Ball
2-2: Ball
3-2: Ground out 4-3 (Groundball, 4, EV 87.5 MPH)
Top of the 5th over - 0 runs, 1 hit, 0 errors, 1 left on base; New Orleans 2 - Northern Virginia 0
BOTTOM OF THE 5TH
Northern Virginia Rainbow Mermaids batting - Pitching for New Orleans Voodoo : RHP Rhys Maskell
Batting: LHB Bill Dixon 0-0: Ball
1-0: Ground out 4-3 (Groundball, 34, EV 91.2 MPH)
Batting: LHB Sherman Kline 0-0: Fly out, F7 (Flyball, 7LM, EV 90.6 MPH)
Batting: LHB Rio Mence 0-0: Ball
1-0: Called Strike
1-1: Swinging Strike
1-2: Ball
2-2: Foul Ball, location: 2F
2-2: Strikes out looking
Bottom of the 5th over - 0 runs, 0 hits, 0 errors, 0 left on base; New Orleans 2 - Northern Virginia 0
TOP OF THE 6TH
New Orleans Voodoo batting - Pitching for Northern Virginia Rainbow Mermaids : RHP Ton Jobse
Batting: LHB Jonathan Gunner 0-0: Fly out, F3 (Line Drive, 3, EV 69.4 MPH)
Batting: LHB Alex Avery 0-0: Ball
1-0: Called Strike
1-1: Called Strike
1-2: Foul Ball, location: 2F
1-2: Fly out, F8 (Flyball, 89D, EV 86.9 MPH)
Batting: LHB Dave Summers 0-0: Called Strike
0-1: Swinging Strike
0-2: Ball
1-2: Fly out, F8 (Flyball, 8LXD, EV 108.1 MPH)
Top of the 6th over - 0 runs, 0 hits, 0 errors, 0 left on base; New Orleans 2 - Northern Virginia 0
BOTTOM OF THE 6TH
Northern Virginia Rainbow Mermaids batting - Pitching for New Orleans Voodoo : RHP Rhys Maskell
Batting: RHB Júlio Abarco 0-0: Foul Ball, location: 2F
0-1: Foul Ball, location: 2F
0-2: Ball
1-2: Strikes out swinging
Batting: LHB Jeff Washington 0-0: Foul Ball, location: 2F
0-1: Called Strike
0-2: Ball
1-2: Ground out 1-3 (Groundball, P, EV 83.8 MPH)
Batting: LHB Tony Goodwin 0-0: SINGLE (Flyball, 8LS, EV 91.2 MPH)
Batting: RHB Manuel Márquez 0-0: Ball
Tony Goodwin steals 2nd base
1-0: Swinging Strike
1-1: Ball
2-1: SINGLE (Line Drive, 7S, EV 88.1 MPH)
Tony Goodwin to third
Runner from 3rd tries for Home, SAFE, throw by LF to home
Batting: LHB Javier Seco 0-0: Called Strike
0-1: Ball
1-1: Called Strike
1-2: Ball
2-2: Strikes out swinging
Bottom of the 6th over - 1 run, 2 hits, 0 errors, 1 left on base; New Orleans 2 - Northern Virginia 1
TOP OF THE 7TH
New Orleans Voodoo batting - Pitching for Northern Virginia Rainbow Mermaids : RHP Ton Jobse
Batting: LHB Jorge Castillo 0-0: Foul Ball, location: 2F
0-1: Ball
1-1: Ball
2-1: Called Strike
2-2: SINGLE (Groundball, 6MS, EV 70.0 MPH) (infield hit)
Batting: RHB Vitorio Flores 0-0: Called Strike
0-1: Ball
1-1: Ball
2-1: 2-RUN HOME RUN (Flyball, 7D, EV 88.1 MPH), Distance : 389 ft
Batting: RHB Arturo Cicerón 0-0: Called Strike
0-1: Called Strike
0-2: Strikes out looking
Batting: LHB José Soriano 0-0: Called Strike
0-1: Swinging Strike
0-2: Ball
1-2: Strikes out looking
Batting: RHB Júlio Sahagún 0-0: Ball
1-0: Ball
2-0: Ball
3-0: Called Strike
3-1: Foul Ball, location: 2F
3-2: Foul Ball, location: 2F
3-2: Strikes out looking
Top of the 7th over - 2 runs, 2 hits, 0 errors, 0 left on base; New Orleans 4 - Northern Virginia 1
BOTTOM OF THE 7TH
Northern Virginia Rainbow Mermaids batting - Pitching for New Orleans Voodoo : RHP Rhys Maskell
Batting: LHB Dewitt Hopper 0-0: Ball
1-0: Foul Ball, location: 2F
1-1: Ball
2-1: Called Strike
2-2: Ball
3-2: Ground out 4-3 (Groundball, 4, EV 85.0 MPH)
Batting: LHB Bill Dixon 0-0: Foul Ball, location: 2F
0-1: SINGLE (Flyball, 7S, EV 88.1 MPH)
Pitching: LHP Santiago Rivera
Batting: LHB Sherman Kline 0-0: Foul Ball, location: 2F
0-1: Ball
1-1: Swinging Strike
1-2: Ball
2-2: Foul Ball, location: 2F
2-2: Foul Ball, location: 2F
2-2: Ball
3-2: Foul Ball, location: 2F
3-2: Foul Ball, location: 2F
3-2: Strikes out swinging
Batting: LHB Rio Mence 0-0: Ball
1-0: Called Strike
1-1: Swinging Strike
1-2: Foul Ball, location: 2F
1-2: DOUBLE (Line Drive, 3D, EV 100.0 MPH)
Bill Dixon to third
Batting: RHB Júlio Abarco 0-0: Foul Ball, location: 2F
0-1: Ball
1-1: Foul Ball, location: 2F
1-2: Strikes out swinging
Bottom of the 7th over - 0 runs, 2 hits, 0 errors, 2 left on base; New Orleans 4 - Northern Virginia 1
TOP OF THE 8TH
New Orleans Voodoo batting - Pitching for Northern Virginia Rainbow Mermaids : RHP Ton Jobse
Batting: LHB Derek Corbin 0-0: Foul Ball, location: 2F
0-1: SINGLE (Line Drive, 3D, EV 95.0 MPH)
Pitching: LHP Ramon Wuilink
Batting: LHB Jonathan Gunner 0-0: Ball
1-0: Ball
2-0: Foul Ball, location: 2F
2-1: Fly out, F8 (Flyball, 8LM, EV 78.1 MPH)
Batting: LHB Alex Avery 0-0: Ball
1-0: Swinging Strike
1-1: Foul Ball, location: 2F
1-2: Strikes out looking
Batting: LHB Dave Summers 0-0: Ball
1-0: Foul Ball, location: 2F
1-1: Ball
2-1: SINGLE (Line Drive, 78S, EV 91.9 MPH)
Derek Corbin to second
Batting: LHB Jorge Castillo 0-0: Called Strike
0-1: Called Strike
0-2: Strikes out looking
Top of the 8th over - 0 runs, 2 hits, 0 errors, 2 left on base; New Orleans 4 - Northern Virginia 1
BOTTOM OF THE 8TH
Northern Virginia Rainbow Mermaids batting - Pitching for New Orleans Voodoo : LHP Santiago Rivera
Batting: LHB Jeff Washington 0-0: Ball
1-0: Hit by Pitch
Batting: LHB Tony Goodwin 0-0: Ball
1-0: Ball
2-0: Called Strike
2-1: Swinging Strike
2-2: Ball
3-2: Fielders Choice at 2nd, 4-6 (Groundball, 4, EV 79.4 MPH)
Pitching: RHP Jude Cordingley
Batting: RHB Manuel Márquez 0-0: Hit by Pitch
Tony Goodwin to second
Pitching: RHP Ryan Neal
Batting: LHB Javier Seco 0-0: Called Strike
0-1: Called Strike
0-2: Fly out, F8 (Flyball, 78XD, EV 93.1 MPH)
Batting: LHB Dewitt Hopper 0-0: Called Strike
0-1: Swinging Strike
0-2: Strikes out swinging
Bottom of the 8th over - 0 runs, 0 hits, 0 errors, 2 left on base; New Orleans 4 - Northern Virginia 1
TOP OF THE 9TH
New Orleans Voodoo batting - Pitching for Northern Virginia Rainbow Mermaids : LHP Ramon Wuilink
Pitching: LHP Andrew Moody
Batting: RHB Vitorio Flores 0-0: Ball
1-0: Swinging Strike
1-1: Ball
2-1: Swinging Strike
2-2: Strikes out swinging
Batting: RHB Arturo Cicerón 0-0: Ball
1-0: Swinging Strike
1-1: Ground out 6-3 (Groundball, 6, EV 98.8 MPH)
Batting: LHB José Soriano 0-0: Swinging Strike
0-1: Swinging Strike
0-2: Ball
1-2: Ball
2-2: Strikes out looking
Top of the 9th over - 0 runs, 0 hits, 0 errors, 0 left on base; New Orleans 4 - Northern Virginia 1
BOTTOM OF THE 9TH
Northern Virginia Rainbow Mermaids batting - Pitching for New Orleans Voodoo : RHP Ryan Neal
Batting: LHB Bill Dixon 0-0: Swinging Strike
0-1: Ball
1-1: Fly out, F7 (Flyball, 7S, EV 76.2 MPH)
Batting: LHB Sherman Kline 0-0: Ball
1-0: Called Strike
1-1: Ball
2-1: Ball
3-1: Base on Balls
Batting: LHB Rio Mence 0-0: Fielders Choice at 2nd, 6-4 (Groundball, 6, EV 81.9 MPH)
Batting: RHB Júlio Abarco 0-0: Ball
1-0: Ball
2-0: Called Strike
2-1: Ball
3-1: Fly out, F7 (Flyball, 7S, EV 79.4 MPH)
Bottom of the 9th over - 0 runs, 0 hits, 0 errors, 1 left on base; New Orleans 4 - Northern Virginia 1
Friday, March 26th, 2021 - OOTP Baseball 20.8 Build 74